 Dungeon Crawl Stone Soup version 0.26-a0-1177-g1209ec82b9 (webtiles) character file.

Game seed: 12486668120880782069

7582 gaul the Thaumaturge (level 10, -12/51 HPs)
             Began as a Deep Elf Ice Elementalist on Dec 24, 2020.
             Was a Believer of Sif Muna.
             Mangled by a cyan ugly thing (16 damage)
             ... on level 11 of the Dungeon.
             The game lasted 01:05:43 (28126 turns).

gaul the Thaumaturge (Deep Elf Ice Elementalist)   Turns: 28126, Time: 01:05:44

Health: -12/51     AC: 20    Str:  5    XL:     10   Next: 97%
Magic:  19/30      EV: 14    Int: 24    God:    Sif Muna [**....]
Gold:   580        SH:  5    Dex: 15    Spells: 14/38 levels left

rFire    x . .     SeeInvis +   G - +3 dagger (venom)
rCold    + . .     Faith    .   (no shield)
rNeg     . . .     Spirit   .   a - +1 robe
rPois    .         Reflect  +   i - +0 helmet
rElec    .         Harm     .   X - +0 cloak (curse)
rCorr    .         Rampage  .   K - +0 pair of gloves
Will     +....                  e - +2 pair of boots
Stlth    +++.......             q - amulet of reflection
HPRegen  0.17/turn              b - ring of see invisible
MPRegen  0.22/turn              P - ring of ice

@: confusing touch, icy armour, frozen ramparts
A: no striking features
a: Renounce Religion, Channel Magic


You were on level 11 of the Dungeon.
You worshipped Sif Muna.
Sif Muna was pleased with you.
You visited 1 branch of the dungeon, and saw 11 of its levels.

You collected 580 gold pieces.

Inventory:

Hand Weapons
 d - a +0 short sword
 g - a +0 dagger of draining
 t - a +4 dagger
 y - a +2 flail of draining
 G - a +3 dagger of venom (weapon)
 I - a +4 falchion of freezing
 T - a +2 dagger of freezing
Missiles
 n - 342 stones
 s - 8 curare-tipped darts
Armour
 a - a +1 robe (worn)
 e - a +2 pair of boots (worn)
 i - a +0 helmet (worn)
 A - a +0 hat
 K - a +0 pair of gloves (worn)
 X - a cursed +0 cloak (worn)
Magical Staves
 S - an uncursed staff of poison
Jewellery
 b - a ring of see invisible (left hand)
 q - an amulet of reflection (around neck)
 P - a ring of ice (right hand)
 R - an uncursed amulet of the acrobat
 W - an uncursed amulet of reflection
Wands
 C - a wand of disintegration (10)
 J - a wand of paralysis (9)
 L - a wand of enslavement (10)
 N - a wand of flame (17)
 O - a wand of iceblast (22)
 U - a wand of random effects (42)
 V - a wand of polymorph (12)
Scrolls
 f - 4 scrolls of random uselessness
 h - 6 scrolls of remove curse
 j - 6 scrolls of teleportation
 k - 2 scrolls of immolation
 l - 7 scrolls of identify
 p - 2 scrolls of magic mapping
 x - a scroll of fog {unknown}
 z - a scroll of enchant weapon
 D - a scroll of amnesia
 M - a scroll of blinking
 Q - a scroll of noise
Potions
 c - 6 potions of haste {unknown}
 m - a potion of curing
 r - a potion of ambrosia {unknown}
 u - a potion of brilliance {unknown}
 v - 2 potions of heal wounds {unknown}
 w - a potion of attraction {unknown}
 B - 3 potions of might {unknown}
 E - a potion of lignification {unknown}
 F - 2 potions of mutation {unknown}
 H - a potion of magic {unknown}


   Skills:
 + Level 0.8 Fighting
 + Level 1.3 Short Blades
 + Level 3.6 Dodging
 + Level 4.8 Stealth
 + Level 1.0 Shields
 * Level 14.6 Spellcasting
 + Level 0.2 Hexes
 + Level 2.3 Summonings
 * Level 12.4 Ice Magic


You had 14 spell levels left.
You knew the following spells:

 Your Spells              Type           Power        Failure   Level
a - Freeze                Ice            100%         1%          1
b - Frozen Ramparts       Ice            100%         1%          3
c - Ozocubu's Armour      Ice            86%          1%          3
d - Hailstorm             Conj/Ice       64%          2%          4
e - Summon Ice Beast      Ice/Summ       68%          1%          4
f - Metabolic Englaciati  Hex/Ice        32%          7%          5
g - Confusing Touch       Hex            18%          9%          3
h - Apportation           Tloc           34%          3%          1

Your spell library contained the following spells:

 Spells                   Type           Power        Failure   Level
 Summon Small Mammal      Summ           100%         1%          1
 Animate Skeleton         Necr           34%          3%          1
 Corona                   Hex            20%          3%          1
 Slow                     Hex            18%          4%          2
 Gell's Gravitas          Tloc           8%           10%         3
 Inner Flame              Hex/Fire       18%          10%         3
 Portal Projectile        Hex/Tloc       36%          10%         3
 Cause Fear               Hex            9%           30%         4
 Leda's Liquefaction      Hex/Erth       9%           30%         4
 Petrify                  Tmut/Erth      17%          32%         4
 Irradiate                Conj/Tmut      8%           65%         5
 Yara's Violent Unravell  Hex/Tmut       9%           65%         5
 Hydra Form               Tmut           8%           99%         6
 Statue Form              Tmut/Erth      11%          99%         6
 Dragon Form              Tmut           8%           100%        7


Dungeon Overview and Level Annotations

Branches:
Dungeon (11/15)            Temple (0/1) D:4            Lair (0/6) D:9
    Orc (0/2) D:10

Altars:
Ashenzari
Dithmenos
Gozag
Kikubaaqudgha
Makhleb
Nemelex Xobeh
Ru
Sif Muna
The Shining One

Shops:
D:7 ?


Message History

Casting: Confusing Touch (dangerous; 9% risk of failure)
Confirm with . or Enter, or press ? or * to list all spells.
You feel a surge of power! A film of ice covers your body!
The wall freezes the cyan ugly thing.
The cyan ugly thing stings you. The cyan ugly thing shocks you!
* * * LOW HITPOINT WARNING * * *
Casting: Ozocubu's Armour (safe; 1% risk of failure)
Confirm with . or Enter, or press ? or * to list all spells.
You feel a surge of power!
Your icy armour thickens.
The wall freezes the cyan ugly thing!
The cyan ugly thing misses you.
You closely miss the cyan ugly thing.
The cyan ugly thing is heavily wounded.
The wall freezes the cyan ugly thing.
The cyan ugly thing stings you but does no damage.
You barely miss the cyan ugly thing.
The cyan ugly thing is heavily wounded.
The wall freezes the cyan ugly thing.
The cyan ugly thing stings you!
* * * LOW HITPOINT WARNING * * *
The cyan ugly thing shocks you!
You die...

#..#...####.#.
#..#........#. ##
#..#.......... ..
#..########### #.
#..# #... #.
#..########.#. #.
#>..........#.
###u#####............
#..<@................
#.....#########......
#.....# #...'......
#......# #.###>.....
#.######
###'######### #.
#....# # #....# #
#....# # #....# #


You could see a cyan ugly thing.

Vanquished Creatures
  A troll (D:9)
  Sigmund (D:3)
  2 steam dragons (D:9)
  2 water moccasins
  3 orc warriors
  An ice beast (D:5)
  2 black bears
  2 sky beasts
  A phantom (D:9)
  3 necrophages
  6 ogres
  2 centaurs
  8 bullfrogs
  A gnoll sergeant (D:9)
  A water moccasin zombie (D:7)
  3 scorpions
  3 killer bees (D:10)
  2 wights (D:6)
  2 howler monkeys (D:7)
  An electric eel (D:8)
  A jelly (D:8)
  A quasit (D:9)
  A centaur zombie (D:8)
  2 hounds
  4 orc wizards
  5 orc priests
  Jessica (D:3)
  Terence (D:3)
  2 iguanas
  Natasha (thrice) (D:2)
  12 worker ants
  2 hound skeletons
  Robin (D:2)
  8 adders
  3 gnolls (D:9)
  3 ufetubi
  3 oozes
  An adder skeleton (D:4)
  An adder zombie (D:5)
  6 worms
  A dart slug (D:2)
  8 leopard geckos
  46 orcs
  4 giant cockroaches
  13 goblins
  14 hobgoblins
  7 jackals
  9 kobolds
  4 quokkas
  2 ball pythons
  9 bats
  9 frilled lizards
  2 jackal zombies (D:5)
  A quokka skeleton (D:5)
  4 rats
241 creatures vanquished.

Vanquished Creatures (collateral kills)
  A hydra (D:11)
  2 two-headed ogres
  A wizard (D:9)
  2 centaur skeletons (D:10)
  An eye of draining (D:9)
  2 killer bees (D:10)
  7 wights
  A howler monkey (D:9)
  An orc priest (D:10)
  An iguana (D:9)
  A worker ant (D:10)
  A worker ant zombie (D:9)
  2 adders
  3 shadow imps
  A white imp (D:9)
  4 orcs
  A frilled lizard (D:5)
32 creatures vanquished.

Vanquished Creatures (others)
  2 orcs (D:8)
  9 fungi (D:8)
11 creatures vanquished.

Grand Total: 284 creatures vanquished

Notes
Turn   | Place    | Note
-------+----------+-------------------------------------------
     0 | D:1      | gaul the Deep Elf Ice Elementalist began the quest for the
                  | Orb.
     0 | D:1      | Reached XP level 1. HP: 10/10 MP: 6/6
   126 | D:1      | Reached XP level 2. HP: 13/15 MP: 0/8
   743 | D:1      | Reached skill level 5 in Ice Magic
  1441 | D:1      | Reached XP level 3. HP: 19/19 MP: 7/10
  1445 | D:1      | Learned a level 3 spell: Frozen Ramparts
  1449 | D:1      | Learned a level 3 spell: Ozocubu's Armour
  2428 | D:2      | Noticed Robin
  2445 | D:2      | Reached XP level 4. HP: 24/24 MP: 7/11
  2638 | D:2      | Killed Robin
  2639 | D:2      | Reached skill level 4 in Spellcasting
  3142 | D:2      | Found a broken altar of Ashenzari.
  3186 | D:2      | Found a shimmering blue altar of Sif Muna.
  3195 | D:2      | Became a worshipper of Sif Muna the Loreminder
  3303 | D:2      | Noticed Natasha
  3307 | D:2      | Killed Natasha
  3451 | D:2      | Noticed Natasha
  3455 | D:2      | Killed Natasha
  3456 | D:2      | Reached XP level 5. HP: 28/28 MP: 9/14
  3595 | D:2      | Learned a level 4 spell: Hailstorm
  3767 | D:2      | Reached skill level 5 in Spellcasting
  3937 | D:2      | Noticed Natasha
  3950 | D:2      | Killed Natasha
  4338 | D:2      | Found a burning altar of Makhleb.
  5182 | D:3      | Noticed Jessica
  5185 | D:3      | Killed Jessica
  5249 | D:3      | Noticed Sigmund
  5472 | D:3      | Killed Sigmund
  5473 | D:3      | Reached skill level 6 in Spellcasting
  5473 | D:3      | Reached XP level 6. HP: 32/32 MP: 7/17
  5644 | D:3      | Learned a level 4 spell: Summon Ice Beast
  6423 | D:3      | Noticed Terence
  6429 | D:3      | Killed Terence
  6430 | D:3      | Reached skill level 7 in Spellcasting
  7452 | D:4      | Found an ancient bone altar of Kikubaaqudgha.
  7468 | D:4      | Reached XP level 7. HP: 35/36 MP: 15/19
  7532 | D:4      | Reached * piety under Sif Muna
  8352 | D:4      | Found an opulent altar of Gozag.
  8827 | D:4      | Reached skill level 8 in Spellcasting
  8994 | D:4      | Found a staircase to the Ecumenical Temple.
  9181 | D:5      | Entered Level 5 of the Dungeon
  9607 | D:5      | Found a sacrificial altar of Ru.
 10366 | D:5      | Reached XP level 8. HP: 41/41 MP: 6/22
 10967 | D:5      | Reached skill level 9 in Spellcasting
 11562 | D:6      | Found a shadowy altar of Dithmenos.
 11590 | D:6      | Found a sparkling altar of Nemelex Xobeh.
 12375 | D:6      | Found a burning altar of Makhleb.
 12417 | D:6      | Reached skill level 1 in Short Blades
 13916 | D:7      | Reached skill level 10 in Spellcasting
 15018 | D:7      | Found Fouc's Magic Scroll Boutique.
 16023 | D:8      | Reached XP level 9. HP: 45/45 MP: 17/25
 16407 | D:8      | Reached skill level 11 in Spellcasting
 19175 | D:8      | Found the +8 autumn katana {vorpal, Clar}
 19339 | D:9      | Reached skill level 10 in Ice Magic
 19375 | D:9      | Reached skill level 12 in Spellcasting
 19979 | D:9      | Found a glowing golden altar of the Shining One.
 20421 | D:9      | Reached ** piety under Sif Muna
 20651 | D:9      | Found a staircase to the Lair.
 20677 | D:9      | Reached skill level 13 in Spellcasting
 21407 | D:9      | Reached XP level 10. HP: 51/51 MP: 26/29
 21649 | D:9      | Reached skill level 1 in Summonings
 21953 | D:9      | Noticed a two-headed ogre
 21963 | D:9      | Killed a two-headed ogre
 22260 | D:9      | Noticed a wizard
 22276 | D:9      | Killed a wizard
 22423 | D:9      | Learned a level 5 spell: Metabolic Englaciation
 22427 | D:9      | Learned a level 3 spell: Confusing Touch
 22758 | D:10     | Entered Level 10 of the Dungeon
 23946 | D:10     | Reached skill level 1 in Shields
 24579 | D:10     | Found a staircase to the Orcish Mines.
 24648 | D:10     | Reached skill level 14 in Spellcasting
 25383 | D:10     | Learned a level 1 spell: Apportation
 27219 | D:10     | Noticed a two-headed ogre
 27235 | D:10     | Killed a two-headed ogre
 27705 | D:11     | Noticed a seven-headed hydra
 27730 | D:11     | Killed a seven-headed hydra
 28119 | D:11     | Noticed a cyan ugly thing
 28126 | D:11     | Mangled by a cyan ugly thing

Illustrated notes

Levels and vault maps discovered:
D:1:      dpeg_arrival_simpleton_c, layout_loops_cross, minmay_statues_item
D:2:      layout_basic, lemuel_coloured_pillars_altar, marbit_many_paths,
          lightli_temple_of_fire, kennysheep_doodads, uniq_natasha, uniq_robin
D:3:      layout_loops_corners, minmay_misc_feat_square, uniq_sigmund,
          uniq_jessica, uniq_terence
D:4:      black_bear_nest_2, layout_loops_ring, old_standard_altar,
          kennysheep_mini, temple_doors_cd
D:5:      layout_basic, lemuel_crystal_altar
D:6:      layout_rooms, nemelex_xobeh_ov_fountains_minmay,
          nicolae_overflow_hidden_temple, bloody_makhleb
D:7:      layout_basic, serial_shops, nicolae_shop_behind_doors
D:8:      layout_gridville, fungi_pond_lemuel, serial_park_tiny_2, minivault_21
D:9:      cheibrodos_steamvent, layout_loops_ring, old_standard_altar,
          lair_entry_dummy, minmay_librarian
D:10:     layout_irregular_city, david_orc_2
D:11:     cheibrodos_grave_circle, layout_basic

Skill      XL: |  1  2  3  4  5  6  7  8  9 10 |
---------------+-------------------------------+-----
Ice Magic      | 5 6 7 9 10 12 | 12.4
Stealth        | 3 4 |  4.8
Spellcasting   | 4 6 7 8 10 13 14 | 14.6
Short Blades   | 1 |  1.3
Dodging        | 3 |  3.6
Summonings     | 2 |  2.3
Shields        | 1 |  1.0
Fighting       | |  0.8
Hexes          | |  0.2

Action                   |  1- 3 |  4- 6 |  7- 9 | 10-12 || total
-------------------------+-------+-------+-------+-------++-------
Melee: Short sword       |     7 |       |       |       ||     7
       Dagger            |    16 |    42 |   120 |    36 ||   214
 Cast: Freeze            |    38 |    28 |    64 |    12 ||   142
       Frozen Ramparts   |     1 |    20 |    70 |    33 ||   124
       Ozocubu's Armour  |       |    13 |    75 |    37 ||   125
       Summon Ice Beast  |       |       |    32 |    34 ||    66
       Hailstorm         |       |       |     8 |     3 ||    11
       Confusing Touch   |       |       |       |     2 ||     2
  Use: Scroll            |       |     2 |     1 |    12 ||    15
       Potion            |       |       |     1 |     1 ||     2
 Stab: Distracted        |     1 |     1 |       |       ||     2
       Sleeping          |    10 |     2 |     1 |       ||    13
Armor: Robe              |    19 |    17 |    79 |    39 ||   154
Dodge: Dodged            |    55 |    45 |   108 |    75 ||   283
Block: Other             |       |    15 |    41 |    33 ||    89
       Reflection        |       |       |     2 |     1 ||     3

Table legend: (Time is in decaauts)
 A = Elapsed time spent in this place.
 B = Non-inter-level travel time spent in this place.
 C = Inter-level travel time spent in this place.
 D = Time resting spent in this place.
 E = Time spent auto-exploring this place.
 F = Levels seen in this place.
 G = Mean time per level.
                   A        B        C        D        E       F      G
               +--------+--------+--------+--------+--------+-----+--------+
         Total |  28142 |  27095 |   1047 |  18650 |   5944 |  11 | 2558.4 |
       Dungeon |  28142 |  27095 |   1047 |  18650 |   5944 |  11 | 2558.4 |
               +--------+--------+--------+--------+--------+-----+--------+

Top non-repeatable levels by time:
     D:8: 3967 daAuts
    D:10: 3644 daAuts
     D:9: 3583 daAuts
     D:2: 2869 daAuts
     D:3: 2659 daAuts
     D:7: 2534 daAuts
     D:5: 2289 daAuts
     D:6: 2078 daAuts
     D:1: 1914 daAuts
     D:4: 1738 daAuts
    D:11: 861 daAuts
